 Dungeon Crawl Stone Soup version 0.18.1-8-gdd0e5ea (webtiles) character file.

1522 nikopol the Skirmisher (level 8, -3/106 HPs)
             Began as a Minotaur Berserker on June 7, 2016.
             Was a Priest of Trog.
             Slain by a sixfirhy (8 damage)
             ... summoned by a kobold demonologist
             ... on level 7 of the Dungeon.
             The game lasted 00:21:08 (5489 turns).

nikopol the Skirmisher (Minotaur Berserker)         Turns: 5489, Time: 00:21:08

Health: -3/106     AC:  7    Str: 28    XL:     8   Next: 54%
Magic:  7/7        EV: 13    Int:  4    God:    Trog [***...]
Gold:   554        SH:  0    Dex: 11    Spells: 0 memorised, 7 levels left

rFire  . . .     SeeInvis .     x - +1 war axe (chop)
rCold  . . .     Gourm    .     w - +0 scale mail (curse)
rNeg   . . .     Faith    .     (no shield)
rPois  .         Spirit   .     (helmet restricted)
rElec  .         Dismiss  .     (no cloak)
rCorr  .         Reflect  .     (no gloves)
SustAt .         Harm     .     (no boots)
MR     .....                    m - amulet of regeneration
Stlth  ..........               (no ring)
                                (no ring)

@: berserking (expiring), very quick, not resistant to hostile enchantments,
extremely unstealthy
A: retaliatory headbutt, horns 2
a: Berserk, Trog's Hand, Burn Spellbooks, Renounce Religion


You were on level 7 of the Dungeon.
You worshipped Trog.
Trog was most pleased with you.
You were hungry.

You visited 1 branch of the dungeon, and saw 7 of its levels.

You collected 554 gold pieces.

Inventory:

Hand Weapons
 a - a +0 spear
 c - a +0 shortbow
 x - a +1 war axe of chopping (weapon)
Missiles
 l - 148 arrows (quivered)
Armour
 b - a +0 animal skin
 e - a +0 leather armour
 w - a cursed +0 scale mail (worn)
Jewellery
 m - an amulet of regeneration (around neck)
 D - a +2 amulet of reflection {unknown}
 F - an uncursed ring of poison resistance {unknown}
 G - an uncursed ring of sustain attributes {unknown}
 K - a cursed ring of loudness {unknown}
Wands
 B - a wand of digging (14/24)
Scrolls
 d - 2 scrolls of blinking {unknown}
 f - 11 scrolls of identify {unknown}
 g - 3 scrolls of magic mapping {unknown}
 h - a scroll of enchant weapon {unknown}
 i - 4 scrolls of remove curse {unknown}
 n - 3 scrolls of teleportation {unknown}
 q - 2 scrolls of random uselessness {unknown}
 s - a scroll of recharging {unknown}
 u - 2 scrolls of amnesia {unknown}
 y - a scroll of immolation {unknown}
Potions
 k - a potion of cancellation {unknown}
 o - 2 potions of degeneration {unknown}
 p - 2 potions of lignification {unknown}
 r - a potion of might {unknown}
 t - a potion of heal wounds {unknown}
 z - a potion of ambrosia {unknown}
 A - a potion of invisibility {unknown}
 C - a potion of haste {unknown}
 E - a potion of berserk rage {unknown}
 H - a potion of cure mutation {unknown}
Books
 L - a Young Poisoner's Handbook

   Spells                             Type                      Level
   a - Sting                          Conjuration/Poison           1
   b - Cure Poison                    Poison                       2
   c - Mephitic Cloud                 Conjuration/Poison/Air       3
   d - Olgreb's Toxic Radiance        Poison                       4
   e - Venom Bolt                     Conjuration/Poison           5
   Trog disapproves of the use of such an item.
Comestibles
 j - 6 fruits
 v - a slice of pizza
 I - a royal jelly
 J - 10 bread rations
 M - 3 chunks of flesh


   Skills:
 + Level 6.8 Fighting
 + Level 5.8(6.8) Axes
 - Level 5.4(6.6) Polearms
 + Level 1.0 Bows
 + Level 6.2 Armour
 + Level 6.2 Dodging


You had 7 spell levels left.
You didn't know any spells.

Dungeon Overview and Level Annotations

Branches:
Dungeon (7/15)             Temple (0/1) D:4

Altars:
Ashenzari
Cheibriados
Fedhas
Gozag
Kikubaaqudgha
Makhleb
Okawaru
Pakellas
Sif Muna
Trog
Xom
Zin
The Shining One

Shops:
D:6 }


Innate Abilities, Weirdness & Mutations

You reflexively headbutt those who attack you in melee.
You have a pair of horns on your head.


Message History

You slash the kobold demonologist!
The kobold demonologist is almost dead.
You closely miss the sixfirhy.
The sixfirhy is severely wounded.
Your scale mail prevents you from hitting the white imp.
The sixfirhy completely misses you. The sixfirhy hits you!
* * * LOW HITPOINT WARNING * * *
The sixfirhy shocks you!
* * * LOW HITPOINT WARNING * * *
The sixfirhy barely misses you.
You barely miss the kobold demonologist.
The kobold demonologist is almost dead.
You hit the sixfirhy.
The sixfirhy is almost dead.
You slice the white imp!!
You kill the white imp!
The sixfirhy hits you!
* * * LOW HITPOINT WARNING * * *
The sixfirhy shocks you!
You die...

###########
#......#..
#.####.#.#
#.####K#.####.#
#..@K333ยง..(...
#.##4#5#.####.#
#.##.#.#(#
#......#.(
#.##.#.###########
#.##.#.# #.......#
#......# #.......#
####.### #.......#
##.## #.......#


You could see a soul eater, 2 kobold demonologists, a sixfirhy, a smoke demon, a
neqoxec and a white imp.

Vanquished Creatures
  The ghost of Gagarin the Shield-Bearer, an amateur FoFi (D:4)
  3 sky beasts (D:5)
  An ogre (D:6)
  2 centaurs (D:6)
  A giant frog (D:7)
  A scorpion (D:5)
  A crimson imp (D:5)
  A giant frog zombie (D:5)
  2 hounds
  A jelly (D:6)
  3 orc priests (D:3)
  4 orc wizards
  Natasha (thrice) (D:3)
  2 worker ants
  8 adders
  A shadow imp (D:6)
  An ooze (D:4)
  An adder zombie (D:5)
  3 worms
  3 dart slugs
  7 giant geckos
  24 orcs
  8 bats
  6 giant cockroaches
  9 goblins
  11 hobgoblins
  8 jackals
  A quokka (D:3)
  A giant cockroach zombie (D:5)
  A giant gecko skeleton (D:5)
  3 giant newts
  4 kobolds
  10 rats
  A bush (D:1)
137 creatures vanquished.

Notes
Turn   | Place    | Note
--------------------------------------------------------------
     0 | D:1      | nikopol the Minotaur Berserker began the quest for the Orb.
     0 | D:1      | Reached XP level 1. HP: 19/19 MP: 0/0
   314 | D:1      | Reached XP level 2. HP: 27/27 MP: 1/1
   806 | D:1      | Reached ** piety under Trog
  1074 | D:2      | Reached XP level 3. HP: 31/33 MP: 2/2
  1105 | D:2      | Found an opulent altar of Gozag.
  1214 | D:2      | Found an iron altar of Okawaru.
  1409 | D:2      | Found a glowing golden altar of the Shining One.
  1409 | D:2      | Found a glowing silver altar of Zin.
  1747 | D:2      | Found a shattered altar of Ashenzari.
  1899 | D:2      | Reached XP level 4. HP: 41/41 MP: 3/3
  2233 | D:3      | HP: 2/61 [orc priest (4)]
  2235 | D:3      | Reached *** piety under Trog
  2235 | D:3      | Reached XP level 5. HP: 3/47 MP: 4/4
  2414 | D:3      | Noticed Natasha
  2420 | D:3      | Killed Natasha
  2443 | D:3      | Found a blossoming altar of Fedhas.
  2448 | D:3      | Noticed Natasha
  2454 | D:3      | Killed Natasha
  2504 | D:3      | Noticed Natasha
  2509 | D:3      | Killed Natasha
  2509 | D:3      | Reached skill level 5 in Fighting
  2509 | D:3      | Reached skill level 5 in Polearms
  2592 | D:3      | Reached XP level 6. HP: 56/56 MP: 5/5
  2761 | D:3      | Found an ancient bone altar of Kikubaaqudgha.
  3343 | D:4      | Found a shimmering altar of Xom.
  3467 | D:4      | Found a snail-covered altar of Cheibriados.
  3610 | D:4      | Reached skill level 1 in Axes
  3642 | D:4      | Found a staircase to the Ecumenical Temple.
  3702 | D:4      | Found a deep blue altar of Sif Muna.
  3780 | D:4      | You fall through a shaft!
  3780 | D:5      | Entered Level 5 of the Dungeon
  3829 | D:4      | Noticed Gagarin's ghost (amateur FoFi)
  3834 | D:4      | Reached **** piety under Trog
  3838 | D:4      | Killed Gagarin's ghost
  3838 | D:4      | Reached XP level 7. HP: 62/62 MP: 6/6
  3845 | D:4      | Found a burning altar of Makhleb.
  3946 | D:4      | Reached skill level 5 in Dodging
  4010 | D:5      | Reached skill level 5 in Armour
  4323 | D:5      | Reached XP level 8. HP: 19/70 MP: 7/7
  4426 | D:5      | Found a bloodstained altar of Trog.
  4754 | D:6      | Reached skill level 5 in Axes
  4797 | D:6      | Received a gift from Trog
  4827 | D:6      | Found an oddly glowing altar of Pakellas.
  4827 | D:6      | Found Pakellas's Prime Provisions.
  5409 | D:7      | Reached skill level 1 in Bows
  5467 | D:7      | Noticed a kobold demonologist
  5469 | D:7      | Noticed a hellwing
  5470 | D:7      | Noticed a sixfirhy
  5470 | D:7      | Noticed a kobold demonologist
  5481 | D:7      | Noticed a smoke demon
  5487 | D:7      | Noticed a soul eater
  5489 | D:7      | HP: 5/106 [sixfirhy[a kobold demonologist] (11)]
  5489 | D:7      | Slain by a sixfirhy

Skill      XL: |  1  2  3  4  5  6  7  8 |
---------------+-------------------------+-----
Dodging        | 3 4 5 6 |  6.2
Fighting       | 4 5 6 |  6.8
Polearms       | 4 5 |  5.4
Armour         | 3 4 5 6 |  6.2
Axes           | 3 4 5 |  5.8
Bows           | 1 |  1.0

Action                   |  1- 3 |  4- 6 |  7- 9 || total
-------------------------+-------+-------+-------++-------
Melee: Spear             |   228 |   136 |       ||   364
       Headbutt          |    49 |    22 |    24 ||    95
       War axe           |       |    16 |   110 ||   126
 Fire: Shortbow          |       |       |    22 ||    22
Invok: Berserk           |       |     4 |     2 ||     6
 Stab: Sleeping          |     1 |       |       ||     1
  Eat: Chunk             |     3 |     9 |     6 ||    18
       Beef jerky        |       |       |     1 ||     1
Armor: Leather armour    |    24 |     9 |       ||    33
       Animal skin       |     1 |       |       ||     1
       Scale mail        |       |    19 |    55 ||    74
Dodge: Dodged            |    55 |    44 |    80 ||   179
